 Dungeon Crawl Stone Soup version 0.22.1-2-g9c5b331 (webtiles) character file.

125 Lilu the Magician (level 4, -6/25 HPs)
             Began as a Deep Elf Wizard on Dec 10, 2018.
             Killed from afar by an orc wizard (9 damage)
             ... with a magic dart
             ... on level 3 of the Dungeon.
             The game lasted 00:09:14 (2649 turns).

Lilu the Magician (Deep Elf Wizard)                 Turns: 2649, Time: 00:09:15

Health: -6/25      AC:  3    Str:  4    XL:     4   Next: 82%
Magic:  3/12       EV: 13    Int: 24    God:
Gold:   145        SH:  0    Dex: 13    Spells: 3/12 levels left

rFire    + . .     SeeInvis .   e - +2 short sword (holy)
rCold    + . .     Gourm    .   (no shield)
rNeg     . . .     Faith    .   k - +1 robe {rC+ rF+}
rPois    .         Spirit   .   b - +0 hat
rElec    .         Reflect  .   (no cloak)
rCorr    .         Harm     +   (no gloves)
MR       .....                  (no boots)
Stlth    ++........             t - amulet of harm
HPRegen  0.08/turn              (no ring)
MPRegen  0.13/turn              (no ring)

@: very slightly contaminated
A: no striking features
a: no special abilities


You were on level 3 of the Dungeon.
You were not hungry.

You visited 1 branch of the dungeon, and saw 4 of its levels.

You collected 145 gold pieces.

Inventory:

Hand Weapons
 e - a +2 short sword of holy wrath (weapon)
 q - a +0 hunting sling
Missiles
 g - 25 sling bullets
 i - 8 poisoned needles
Armour
 b - a +0 hat (worn)
 k - a +1 robe of resistance (worn)
 r - a +1 shield of positive energy
Jewellery
 t - an amulet of harm (around neck)
Scrolls
 f - 3 scrolls of remove curse
 j - 5 scrolls of identify
Potions
 c - a potion of degeneration {unknown}
 h - a potion of haste {unknown}
 l - a potion of ambrosia {unknown}
 m - a potion of curing
 p - a potion of lignification {unknown}
 s - 2 potions of berserk rage
 u - a potion of might {unknown}
Comestibles
 a - 2 chunks of flesh
 d - 8 rations


   Skills:
 + Level 1.4 Fighting
 + Level 3.5 Dodging
 - Level 2.4 Stealth
 + Level 0.7 Shields
 + Level 4.6 Spellcasting
 * Level 3.4 Conjurations
   Level 1.1 Summonings
 - Level 1.1 Translocations


You had 3 spell levels left.
You knew the following spells:

 Your Spells              Type           Power        Failure   Level  Hunger
a - Magic Dart            Conj           ###.         2%          1    None
b - Mephitic Cloud        Conj/Pois/Air  ##......     17%         3    ##.....
c - Conjure Flame         Conj/Fire      ##......     14%         3    ##.....
d - Blink                 Tloc           N/A          9%          2    None

Your spell library contained the following spells:

 Spells                   Type           Power        Failure   Level  Hunger
 Call Imp                 Summ           ##......     9%          2    None
 Slow                     Hex            #.......     14%         2    None


Dungeon Overview and Level Annotations

Branches:
Dungeon (4/15)
 Temple: D:4-7

Altars:
Okawaru
The Shining One

Annotations:
D:3 3 runed doors, NH2's ghost, amateur HOFi


Message History

Level annotation: 3 runed doors, NH2's ghost, amateur HOFi Some of the chunks of flesh in your inventory have rotted away.
There is a stone staircase leading down here.
The worker ant bites you.
* * * LOW HITPOINT WARNING * * *
You are poisoned.
The worker ant poisons you!
You feel sick. The orc wizard hits you with a dagger.
* * * LOW HITPOINT WARNING * * *
The worker ant closely misses you.
You see here a dagger.
You feel better.
The orc wizard hits you but does no damage.
The worker ant bites you.
The orc wizard gestures at you while chanting.
The magic dart hits you!
* * * LOW HITPOINT WARNING * * *
The orc wizard gestures at you while chanting.
The magic dart hits you!
You die...

...............##.#####....#..#
...............##.....#....##.###
##.#.......................#....#
................................#
...............###....##.##.....#
...............###..>.##.###....#
#####.................##..#######
# ###..###..####o...###.# #
#..###....@.a...###.#####
#....##.####....#.......#
#.##.#...# #............#
#######.##.....# ######.......#
........###....# #.......#
######### ##...# #.......# #...#
######### #...# #...#


You could see a worker ant and an orc wizard.

Vanquished Creatures
  5 adders
  An ooze (D:3)
  2 worms
  2 dart slugs
  A leopard gecko (D:1)
  6 orcs
  2 giant cockroaches
  5 goblins
  5 hobgoblins
  4 jackals (D:1)
  2 quokkas
  A ball python (D:1)
  4 bats
  5 frilled lizards
  6 kobolds
  9 rats
60 creatures vanquished.

Notes
Turn   | Place    | Note
-------+----------+-------------------------------------------
     0 | D:1      | Lilu the Deep Elf Wizard began the quest for the Orb.
     0 | D:1      | Reached XP level 1. HP: 10/10 MP: 7/7
   315 | D:1      | Reached XP level 2. HP: 16/16 MP: 9/9
   914 | D:1      | Reached XP level 3. HP: 20/20 MP: 5/10
  1258 | D:2      | Found an iron altar of Okawaru.
  1259 | D:2      | Reached skill level 1 in Fighting
  1294 | D:2      | Learned a level 3 spell: Mephitic Cloud
  1298 | D:2      | Learned a level 3 spell: Conjure Flame
  1301 | D:2      | Learned a level 2 spell: Blink
  1513 | D:2      | Found a glowing golden altar of the Shining One.
  1912 | D:3      | Reached XP level 4. HP: 25/25 MP: 7/12
  1920 | D:3      | Found a runed gate.
  1920 | D:3      | Found a runed gate.
  1921 | D:3      | Found a runed gate.
  2006 | D:3      | Noticed NH2's ghost (amateur HOFi)
  2646 | D:3      | HP: 1/25 [orc wizard/dagger (4)]
  2649 | D:3      | Killed from afar by an orc wizard

Skill      XL: |  1  2  3 |
---------------+----------+-----
Conjurations   | 2 3 |  3.4
Dodging        | 3 |  3.5
Fighting       | 1 |  1.4
Stealth        | |  2.4
Shields        | |  0.7
Spellcasting   | |  4.6
Summonings     | |  1.1
Translocations | |  1.1

Action                   |  1- 3 |  4- 6 || total
-------------------------+-------+-------++-------
Melee: Short sword       |    23 |    15 ||    38
 Fire: Hunting sling     |       |     3 ||     3
 Cast: Magic Dart        |    88 |    46 ||   134
       Mephitic Cloud    |       |     2 ||     2
       Blink             |       |     1 ||     1
  Use: Scroll            |       |     5 ||     5
       Potion            |       |     1 ||     1
 Stab: Confused          |       |     2 ||     2
  Eat: Chunk             |     3 |     2 ||     5
Armor: Leather armour    |     7 |       ||     7
       Robe              |     1 |     3 ||     4
Dodge: Dodged            |    20 |    16 ||    36
